 Dungeon Crawl Stone Soup version 0.21.1-1-g345015f (webtiles) character file.

2377510 kirsanium the Pulveriser (level 27, 192/198 HPs)
             Began as a Gnoll Wizard on May 17, 2018.
             Was the Champion of Ashenzari.
             Escaped with the Orb
             ... and 5 runes on May 19, 2018!
             The game lasted 10:56:35 (112317 turns).

kirsanium the Pulveriser (Gnoll Wizard)           Turns: 112317, Time: 10:56:36

Health: 192/198    AC: 26    Str: 12    XL:     27
Magic:  60/60      EV: 30    Int: 36    God:    Ashenzari [******]
Gold:   3134       SH: 19    Dex: 30    Spells: 7/65 levels left

rFire    + + .     SeeInvis +   b - +8 war axe of Ronk {flame, Int+4 Dex+7}
rCold    + + +     Gourm    .   n - +3 warlock's mirror {reflect} (curse)
rNeg     + + .     Faith    .   Z - quicksilver dragon scales
rPois    +         Spirit   .   f - -2 hat of the Alchemist {rElec rPois rF+ rC+ rN+ MR+ rMut rCorr}
rElec    +         Reflect  +   T - +2 cloak (curse)
rCorr    +         Harm     .   O - +0 pair of fencer's gloves {+Riposte Dex+3} (curse)
rMut     +         Clarity  +   H - +2 pair of boots
MR       +++++                  V - amulet "Olacofist" {+Rage +Inv rN+ MR+}
Stlth    +++.......             s - ring of Ephemeral Luck {+Fly rPois rF+ rC+ Str+2}
HPRegen  0.43/turn              u - ring "Utur" {MR+ MP+9 Int+5 SInv}
MPRegen  0.37/turn

@: studying 3 skills, deflect missiles
A: distributed training, fangs 1, hooves 1, large bone plates 1, thin metallic
scales 1, agile 1, clarity, cold resistance 1, frail 1, high mp 1, mutation
resistance 1, weak 1, strong nose
0: Orb of Zot
}: 5/15 runes: decaying, slimy, silver, abyssal, gossamer
a: Curse Item, Scrying, Renounce Religion, Evoke Berserk Rage, Evoke
Invisibility, Evoke Flight


You escaped.
You worshipped Ashenzari.
Ashenzari was exalted by your worship.
You were not hungry.

You visited 11 branches of the dungeon, and saw 55 of its levels.
You visited the Abyss 1 time.
You also visited: Ice Cave and Desolation.

You collected 8696 gold pieces.
You spent 5562 gold pieces at shops.

Inventory:

Hand Weapons
 a - the +5 spear "Ogrebane" {pierce, Dex+3}
   (You found it on level 2 of the Depths)

   It inflicts extra damage upon your enemies.
   It affects your dexterity (+3).
 b - the +8 war axe of Ronk (weapon) {flame, Int+4 Dex+7}
   (You took it off a balrug on level 2 of the Depths)

   It has been specially enchanted to burn those struck by it, causing extra
   injury to most foes and up to half again as much damage against particularly
   susceptible opponents.
   Big, fiery blades are also staple armaments of hydra-hunters.
   It affects your intelligence (+4).
   It affects your dexterity (+7).
 q - the +9 trident "Coixi" {holy, rPois Str+8 Int-4}
   (You found it on level 2 of the Vaults)

   It has been blessed by the Shining One to cause great damage to the undead
   and demons.
   It affects your strength (+8).
   It affects your intelligence (-4).
   It protects you from poison.
Armour
 f - the -2 hat of the Alchemist (worn) {rElec rPois rF+ rC+ rN+ MR+ rMut rCorr}
   (You bought it in a shop on level 2 of the Elven Halls)

   It protects you from fire.
   It protects you from cold.
   It insulates you from electricity.
   It protects you from poison.
   It protects you from negative energy.
   It affects your resistance to hostile enchantments.
   It protects you from acid and corrosion.
   It protects you from mutation.
 n - the cursed +3 warlock's mirror (worn) {reflect}
   (You took it off an ironbrand convoker on level 5 of the Vaults)

   It has a curse placed upon it.
 H - a +2 pair of boots (worn)
 O - the cursed +0 pair of fencer's gloves (worn) {+Riposte Dex+3}
   (You found it on level 2 of the Lair of Beasts)

   It affects your dexterity (+3).
   It has a curse placed upon it.
 T - a cursed +2 cloak (worn)
 Z - quicksilver dragon scales (worn)
Magical Staves
 i - an uncursed staff of wizardry
Jewellery
 s - the ring of Ephemeral Luck (left hand) {+Fly rPois rF+ rC+ Str+2}
   (You bought it in a shop on level 2 of the Depths)

   [ring of flight]

   It affects your strength (+2).
   It protects you from fire.
   It protects you from cold.
   It protects you from poison.
   It lets you fly.
 u - the ring "Utur" (right hand) {MR+ MP+9 Int+5 SInv}
   (You found it on level 5 of the Lair of Beasts)

   [ring of see invisible]

   It affects your intelligence (+5).
   It affects your resistance to hostile enchantments.
   It affects your magic capacity (+9).
   It lets you see invisible.
 L - the ring "Heloes" {+Inv rC+ rN+ MP+9 Str-3}
   (You found it on level 5 of the Pits of Slime)

   [ring of magical power]

   It affects your strength (-3).
   It protects you from cold.
   It protects you from negative energy.
   It affects your magic capacity (+9).
   It lets you turn invisible.
 V - the amulet "Olacofist" (around neck) {+Rage +Inv rN+ MR+}
   (You took it off a spriggan on level 6 of the Lair of Beasts)

   [amulet of rage]

   It protects you from negative energy.
   It affects your resistance to hostile enchantments.
   It lets you turn invisible.
   It lets you go berserk.
Wands
 t - a wand of paralysis (45)
 E - a wand of iceblast (74)
Scrolls
 e - 9 scrolls of fear
 g - 19 scrolls of identify
 h - 2 scrolls of summoning
 k - 12 scrolls of magic mapping
 m - 8 scrolls of teleportation
 p - 5 scrolls of fog
 w - 2 scrolls of blinking
 B - 19 scrolls of remove curse
Potions
 j - 16 potions of lignification
 o - 12 potions of curing
 v - 7 potions of flight
 x - 10 potions of heal wounds
 z - 5 potions of agility
 C - 6 potions of berserk rage
 D - 4 potions of cancellation
 F - 5 potions of magic
 I - 12 potions of brilliance
 J - 3 potions of resistance
 K - 11 potions of might
 P - 5 potions of invisibility
 Y - 6 potions of ambrosia
Books
 N - a manual of Short Blades
 Q - a manual of Necromancy
 W - a manual of Staves
Miscellaneous
 G - a lamp of fire
 X - a lightning rod (4/4)
Comestibles
 d - 20 rations


   Skills:
 + Level 18.8 Fighting
 + Level 22.1 Short Blades
 + Level 18.8 Long Blades
 + Level 18.8 Axes
 + Level 18.8 Maces & Flails
 + Level 18.8 Polearms
 + Level 22.6 Staves
 + Level 18.8 Slings
 + Level 18.8 Bows
 + Level 18.8 Crossbows
 + Level 18.8 Throwing
 + Level 18.8 Armour
 + Level 19.2 Dodging
 + Level 19.2 Stealth
 + Level 18.8(21.1) Shields
 + Level 18.8 Unarmed Combat
 + Level 19.7 Spellcasting
 + Level 16.4 Conjurations
 + Level 16.3 Hexes
 + Level 16.3 Charms
 + Level 16.4 Summonings
 + Level 19.7 Necromancy
 + Level 16.4 Translocations
 + Level 16.3 Transmutations
 + Level 16.3 Fire Magic
 + Level 16.3 Ice Magic
 + Level 16.3 Air Magic
 + Level 16.3 Earth Magic
 + Level 16.3 Poison Magic
 + Level 20.2 Invocations
 + Level 18.8 Evocations


You had 7 spell levels left.
You knew the following spells:

 Your Spells              Type           Power        Failure   Level  Hunger
a - Magic Dart            Conj           ####         0%          1    None
b - Blink                 Tloc           N/A          0%          2    None
c - Statue Form           Tmut/Erth      ########.    1%          6    None
d - Conjure Flame         Conj/Fire      ########     0%          3    None
e - Mephitic Cloud        Conj/Pois/Air  ########     0%          3    None
f - Swiftness             Chrm/Air       ########     0%          2    None
g - Iron Shot             Conj/Erth      ########..   1%          6    None
h - Lightning Bolt        Conj/Air       ########..   1%          5    None
i - Summon Mana Viper     Hex/Summ       ########     1%          5    None
j - Fireball              Conj/Fire      ########..   1%          5    None
k - Shroud of Golubria    Chrm/Tloc      ########..   0%          2    None
l - Passage of Golubria   Tloc           N/A          0%          4    None
m - Deflect Missiles      Chrm/Air       ########..   1%          6    None
n - Regeneration          Chrm/Necr      ########..   0%          3    None
o - Borgnjor's Vile Clut  Necr/Erth      ########..   1%          5    None


Dungeon Overview and Level Annotations

Branches:
Dungeon (15/15)            Temple (1/1) D:7            Lair (6/6) D:8
  Swamp (4/4) Lair:4       Spider (4/4) Lair:2        Slime (5/5) Lair:5
    Orc (2/2) D:11            Elf (3/3) Orc:2        Vaults (5/5) D:13
  Crypt (0/3) Vaults:2     Depths (5/5) D:15            Zot (5/5) Depths:5

Altars:
Ashenzari
Cheibriados
Dithmenos
Elyvilon
Fedhas
Gozag
Hepliaklqana
Kikubaaqudgha
Makhleb
Nemelex Xobeh
Okawaru
Qazlal
Ru
Sif Muna
Trog
Uskayaw
Vehumet
Wu Jian
Xom
Yredelemnul
Zin
The Shining One
Jiyva

Shops:
D:5 (   D:6 (   D:10 =   Orc:1 [   Orc:2 ?*:(   Elf:1 [   Elf:2 [   Elf:3 !
Zot:5 *   Depths:1 ==}   Depths:2 ?=[(*

Portals:
Hell: Depths:1 Depths:2 Depths:3 Depths:4 Depths:5
Abyss: Depths:4 Depths:5
Pandemonium: Orc:2 Depths:2 Depths:3 Depths:5
Ziggurat: Depths:3

Annotations:
D:4 Rhok's ghost, novice MfHu
D:6 Pikel
Depths:1 exclusion: 4 lightning spires


Innate Abilities, Weirdness & Mutations

Your experience applies equally to all skills.
You have very sharp teeth.
Your uncanny sense of smell can sniff out nearby items.
You have large cloven feet.
You are partially covered in large bone plates. (SH +4)
You are partially covered in thin metallic scales. (AC +2)
You are agile. (Dex +2)
You possess an exceptional clarity of mind.
Your flesh is cold resistant. (rC+)
You are frail. (-10% HP)
You have an increased reservoir of magic. (+10% MP)
You are somewhat resistant to further mutation.
You are weak. (Str -2)


Message History

The seraph begins to accept its allies' injuries.
A daeva comes into view.
Ashenzari warns you: It is wielding a scimitar of holy wrath.
The daeva calls down the wrath of the Shining One upon you.
The Shining One smites you!
The seraph shouts a warning to its allies!
You hear a low.
You hear a shout!
The daeva calls down the wrath of the Shining One upon you.
The Shining One smites you!
There is a stone staircase leading up here.
You climb upwards.
There is a stone staircase leading down here.
There is a stone staircase leading up here.
You climb upwards.
There is a stone staircase leading down here.
There is a stone staircase leading up here.
You climb upwards.
There is a stone staircase leading down here.
There is a staircase leading out of the dungeon here.
You have escaped!

#...#
#.#
#...#
#.#
#...#
#.# #
#...#
#.# #
#...#
#.# #
#...#
#.# #
#...#
#.####
#...#
#..(..
#.@.#
######
#####


There were no monsters in sight!

Vanquished Creatures
  the Royal Jelly (Slime:5)
  2 pandemonium lords
  2 ancient liches (Zot:5)
  Mara (Depths:2)
  5 orbs of fire
  A juggernaut (Depths:2)
  The ghost of glosham the Kobold Arbalest, a legendary KoAr of Okawaru (Zot:1)
  Bai Suzhen (Swamp:4)
  Margery (Vaults:4)
  A curse toe (Zot:3)
  Xtahua (Depths:5)
  Saint Roka (Elf:2)
  3 Killer Klowns (Zot:5)
  3 caustic shrikes (Depths:3)
  10 golden dragons
  The ghost of microfolk the Alchemist, an adept DrTm of Okawaru (Vaults:5)
  2 bone dragons
  the Enchantress (Depths:4)
  5 electric golems
  22 tentacled monstrosities
  Jorgrun (Depths:4)
  25 Orb Guardians (Zot:5)
  3 liches
  9 titans
  A deep elf master archer (Elf:3)
  3 quicksilver dragons
  22 acid blobs
  A titan (shapeshifter) (Vaults:5)
  6 sphinxes
  An Executioner (D:12)
  9 death cobs
  5 tentacled starspawn
  Gastronok (D:10)
  Frances (D:12)
  Kirke (Elf:1)
  2 thorn hunters (Abyss:4)
  Donald (Elf:3)
  24 shadow dragons
  7 tengu reavers
  12 storm dragons
  Roxanne (Elf:1)
  6 draconian monks
  12 azure jellies
  4 iron dragons
  7 frost giants
  6 fire giants
  3 draconian knights
  7 deep elf sorcerers
  A fire giant (shapeshifter) (Vaults:5)
  11 vault wardens
  A cacodemon (Depths:5)
  5 emperor scorpions
  4 draconian scorchers
  4 imperial myrmidons (Desolation)
  A juggernaut zombie (Depths:2)
  2 draconian stormcallers (Zot:4)
  6 draconian shifters
  2 spriggan defenders
  A war gargoyle (Vaults:5)
  12 ironheart preservers
  A balrug (Depths:2)
  12 ghost moths
  3 draconian annihilators
  23 very ugly things
  4 entropy weavers
  2 deep elf elementalists (Elf:3)
  15 stone giants
  11 green draconians
  4 deep elf demonologists
  2 vampire knights
  An ophan (Abyss:3)
  7 deep elf annihilators
  A dire elephant (shapeshifter) (Vaults:5)
  A dire elephant (Abyss:4)
  10 purple draconians
  A lorocyproca (Depths:4)
  8 black draconians
  12 white draconians
  17 yellow draconians
  A halazid warlock (Desolation)
  7 red draconians
  3 spark wasps (Depths:3)
  10 fire dragons
  7 death oozes
  A crystal guardian (Desolation)
  4 deep elf death magi
  A quicksilver dragon zombie (Abyss:2)
  21 ettins
  3 jiangshi (Depths:5)
  7 great orbs of eyes
  10 ragged hierophants (Desolation)
  9 yaktaur captains
  11 servants of whispers (Desolation)
  2 merfolk impalers
  2 deep elf high priests (Vaults:5)
  2 naga warriors (Abyss:2)
  9 ice dragons
  The ghost of troglodite the Protected, a journeyman DsBe of Trog (D:11)
  15 hydras
  29 vault guards
  6 rakshasas
  11 peacekeepers
  6 spriggan air magi
  A catoblepas (Depths:2)
  A ghost crab (Swamp:3)
  10 alligators
  5 centaur warriors
  31 two-headed ogres
  27 dancing weapons
  6 death yaks
  6 death knights
  9 deep troll shamans
  9 deep troll earth magi
  2 tengu warriors
  11 ogre magi
  2 vampire magi
  Nergalle (D:10)
  4 thrashing horrors
  6 orc high priests (Orc:2)
  16 deep elf knights
  2 titan zombies
  7 spriggan berserkers
  A sun demon (Depths:2)
  5 wretched stars
  2 spatial maelstroms
  7 hell knights
  A salamander mystic (Depths:3)
  A shadow wraith (Vaults:1)
  5 skeletal warriors
  An unseen horror (D:15)
  15 deep trolls
  9 starcursed masses
  A torturous demonspawn (Depths:5)
  17 ironbrand convokers
  22 deep elf archers
  A gelid demonspawn (Orc:1)
  5 flayed ghosts
  2 shambling mangroves
  11 swamp dragons
  5 glowing orange brains
  4 phantasmal warriors
  10 orc knights
  18 orb spiders
  7 wizards
  A harpy (shapeshifter) (Depths:5)
  A mana viper (shapeshifter) (Elf:2)
  4 harpies (Depths:2)
  39 wolf spiders
  3 lindwurms (Lair:2)
  3 salamanders
  8 necromancers
  77 deep elf magi
  A stone giant zombie (Depths:2)
  6 orc sorcerers
  7 cyclopes
  5 shining eyes
  53 ugly things
  18 moths of wrath
  2 human skeletons
  3 manticores
  2 water nymphs (Abyss:4)
  Maurice (D:8)
  A stone giant skeleton (Vaults:5)
  4 worldbinders (Abyss:4)
  A black mamba (shapeshifter) (Abyss:2)
  2 elephants (Lair:5)
  A black mamba (Lair:2)
  2 guardian serpents (Abyss:2)
  An eye of devastation (Slime:2)
  2 rust devils
  4 smoke demons
  A molten gargoyle (Desolation)
  6 ice statues
  9 spiny frogs
  A naga mage (Abyss:2)
  2 yaktaur zombies (Depths:1)
  An orange demon (Abyss:2)
  18 vault sentinels
  A rime drake (Lair:1)
  5 spectral swamp worms
  7 komodo dragons
  A yaktaur (shapeshifter) (Vaults:4)
  7 demonic crawlers
  10 freezing wraiths
  An anaconda simulacrum (IceCv)
  A hellwing (Orc:2)
  A golden dragon simulacrum (IceCv)
  56 yaktaurs
  A queen bee (shapeshifter) (Depths:3)
  4 ice devils
  3 polar bears (Lair:6)
  9 trolls
  A merfolk (D:12)
  A red devil (Orc:2)
  A wind drake (shapeshifter) (Vaults:1)
  37 jumping spiders
  Prince Ribbit (D:6)
  70 saltlings
  27 hornets
  2 tyrant leeches
  A slime creature (shapeshifter) (Vaults:4)
  4 raiju
  98 slime creatures
  13 blink frogs
  8 dream sheep
  13 hippogriffs
  10 bog bodies
  6 large abominations
  2 raiju (shapeshifter)
  2 stone giant simulacra
  A deep troll zombie (Depths:1)
  A dream sheep (shapeshifter) (Depths:3)
  3 hippogriffs (shapeshifter)
  A fire giant simulacrum (Vaults:2)
  22 spriggans
  2 shadows
  60 redbacks
  A tarantella (shapeshifter) (Depths:5)
  14 air elementals
  2 dire elephant simulacra (IceCv)
  7 wraiths
  A redback (shapeshifter) (Vaults:3)
  3 ynoxinuls
  25 tarantellas
  4 wyverns
  A wyvern (shapeshifter) (Vaults:5)
  20 humans
  9 water elementals
  16 yaks
  4 hogs (Elf:1)
  3 hungry ghosts
  13 vampire mosquitoes
  A steam dragon (D:12)
  2 fire elementals
  4 golden eyes (Slime:5)
  3 neqoxecs
  Edmund (D:4)
  2 chaos spawn
  16 swamp worms
  2 iron troll simulacra (IceCv)
  2 harpy simulacra (IceCv)
  8 wargs
  2 nagas (Abyss:2)
  20 insubstantial wisps
  A hydra simulacrum (IceCv)
  A spatial vortex (Abyss:1)
  A hell hound (Depths:2)
  8 water moccasins
  8 porcupines
  2 acid dragons (D:15)
  A floating eye (Depths:3)
  15 swamp drakes
  A slave (D:6)
  37 orc warriors
  A black bear (Lair:6)
  8 ice beasts
  5 sky beasts
  3 eyes of draining
  A black bear (shapeshifter) (Vaults:1)
  6 phantoms
  5 small abominations
  29 ogres
  An ogre (shapeshifter) (Depths:5)
  6 boggarts
  18 wolves
  14 centaurs
  2 elf skeletons (Vaults:4)
  A wolf (shapeshifter) (D:15)
  A tengu (shapeshifter) (Vaults:5)
  13 crocodiles
  4 big kobolds
  18 bullfrogs
  A bullfrog (shapeshifter) (D:15)
  2 gnoll sergeants (D:11)
  An earth elemental (Abyss:4)
  2 cyclops zombies (Depths:2)
  A wyvern skeleton (D:7)
  28 scorpions
  5 wights (D:10)
  7 electric eels
  2 howler monkeys
  10 crimson imps
  2 centaur zombies
  4 bullfrog zombies
  5 hounds
  A quasit (Abyss:3)
  A human simulacrum (Vaults:3)
  An iron imp (Abyss:1)
  Crazy Yiuf (D:2)
  19 orc priests
  6 jellies
  2 bullfrog skeletons
  5 centaur skeletons
  10 iguanas
  19 orc wizards
  12 worker ants
  A howler monkey zombie (D:10)
  2 worker ant zombies
  Robin (D:3)
  An adder (shapeshifter) (Vaults:5)
  8 adders
  4 gnolls
  2 shadow imps
  4 oozes
  3 adder skeletons
  2 ball lightnings (Depths:1)
  2 dart slugs
  9 leopard geckos
  87 orcs
  8 giant cockroaches
  11 goblins
  4 hobgoblins
  3 jackals
  6 quokkas
  A ball python skeleton (D:4)
  8 bats
  9 frilled lizards
  A jackal skeleton (D:6)
  11 kobolds
  A leopard gecko skeleton (D:4)
  3 rats
  A lurking horror (Abyss:2)
  3 starspawn tentacles
2439 creatures vanquished.

Vanquished Creatures (collateral kills)
  Frederick (Depths:4)
  Boris (Depths:4)
  A golden dragon (Depths:3)
  Jory (Depths:4)
  Arachne (Spider:1)
  Nikola (Swamp:2)
  2 deep elf blademasters
  A deep elf master archer (Elf:3)
  A titan (Depths:3)
  3 thorn hunters
  A storm dragon (Depths:5)
  An azure jelly (shapeshifter) (Depths:4)
  A fire giant (Depths:5)
  A frost giant (Depths:3)
  5 deep elf sorcerers
  2 vault wardens
  An orc warlord (Orc:2)
  An emperor scorpion (Spider:4)
  A draconian stormcaller (Depths:5)
  A spriggan defender (Depths:4)
  A deep elf elementalist (Elf:1)
  4 stone giants
  An ironheart preserver (Vaults:2)
  An entropy weaver (Spider:3)
  3 very ugly things
  2 deep elf demonologists (Elf:3)
  A purple draconian (Depths:5)
  A yellow draconian (Depths:5)
  3 spark wasps
  A deep elf annihilator (Elf:3)
  A white draconian (Depths:5)
  A deep elf death mage (Elf:3)
  3 ettins
  2 fire dragons (Depths:2)
  2 deep elf high priests (Elf:3)
  3 yaktaur captains
  2 ogre magi
  13 hydras
  A hell beast (Depths:3)
  Harold (Lair:3)
  A catoblepas (Lair:6)
  A centaur warrior (Vaults:1)
  A rakshasa (Depths:3)
  3 two-headed ogres
  5 deep troll earth magi
  A death knight (Vaults:3)
  4 alligators
  4 dancing weapons
  3 deep elf knights (Elf:1)
  A sun demon (Depths:2)
  2 orc high priests (Orc:2)
  2 iron trolls
  A spriggan druid (Swamp:4)
  A sixfirhy (Depths:3)
  5 deep trolls
  4 deep elf archers
  2 infernal demonspawn
  A lindwurm (Lair:2)
  2 swamp dragons (Swamp:4)
  A wizard (Vaults:3)
  2 shambling mangroves (Swamp:1)
  An ironbrand convoker (Vaults:1)
  A golden dragon skeleton (Depths:2)
  4 orc knights
  An orb spider (Spider:2)
  2 oklob plants
  2 orc sorcerers (Orc:1)
  A frost giant zombie (Depths:2)
  2 elephants (Lair:5)
  5 wolf spiders
  7 deep elf magi
  20 ugly things
  2 manticores (Depths:2)
  2 salamanders (Depths:3)
  2 vault sentinels
  5 black mambas
  Joseph (D:8)
  8 spiny frogs
  A gargoyle (D:10)
  2 rime drakes (Lair:6)
  7 yaktaurs
  A hellwing (Orc:2)
  2 freezing wraiths
  3 komodo dragons
  A demonic crawler (Spider:1)
  6 jumping spiders
  5 polar bears (Lair:6)
  A tengu conjurer (Depths:2)
  3 meliai (D:15)
  5 trolls
  2 tyrant leeches
  A slime creature (shapeshifter) (Vaults:3)
  2 bog bodies
  3 blink frogs
  A saltling (Vaults:4)
  6 slime creatures
  3 dream sheep
  2 hippogriffs
  A human simulacrum (Vaults:2)
  13 redbacks
  9 spriggans
  2 wyverns
  8 hornets
  5 tarantellas
  A basilisk (shapeshifter) (D:14)
  16 yaks
  2 basilisks
  A chaos spawn (Depths:3)
  A neqoxec (Orc:2)
  6 swamp worms
  A warg (D:8)
  An acid dragon (D:14)
  2 insubstantial wisps (Swamp:1)
  4 water moccasins
  2 hell hounds (Depths:2)
  2 swamp drakes
  A black bear (Lair:6)
  11 orc warriors
  A slave (D:5)
  13 ogres
  A boggart (Lair:6)
  15 wolves
  A centaur (D:7)
  4 crocodiles
  A gnoll sergeant (D:11)
  8 scorpions
  3 electric eels (Lair:5)
  2 crimson imps
  A quasit (D:7)
  A jelly (D:5)
  5 orc wizards
  4 orc priests
  3 worker ants
  A hound skeleton (D:8)
  A gnoll (D:11)
  An adder (D:2)
  A shadow imp (D:5)
  An adder skeleton (D:7)
  A worm (D:2)
  13 orcs
  A hobgoblin (D:2)
  A quokka (D:11)
  A kobold (D:11)
  2 plants
421 creatures vanquished.

Vanquished Creatures (others)
  A spriggan defender (Depths:4)
  A vault guard (D:13)
  An ice dragon (Vaults:2)
  A centaur warrior (Vaults:3)
  A satyr (Abyss:4)
  2 deep elf knights
  A necromancer (Vaults:4)
  A deep elf mage (Elf:1)
  2 moths of wrath (Zot:5)
  2 hornets
  A bog body (Swamp:2)
  A slime creature (Slime:1)
  A boggart (Vaults:1)
  An iron imp (Abyss:4)
  A ball lightning (Depths:1)
  A briar patch (Abyss:4)
  A bush (Lair:4)
  29 fungi
  A lurking horror (Abyss:3)
  32 plants
  9 starspawn tentacles
91 creatures vanquished.

Grand Total: 2951 creatures vanquished

Notes
Turn   | Place    | Note
-------+----------+-------------------------------------------
     0 | D:1      | kirsanium the Gnoll Wizard began the quest for the Orb.
     0 | D:1      | Reached XP level 1. HP: 13/13 MP: 8/8
   220 | D:1      | Reached XP level 2. HP: 16/20 MP: 1/10
   292 | D:1      | Learned a level 2 spell: Blink
   295 | D:1      | Learned a level 2 spell: Call Imp
   826 | D:2      | Reached XP level 3. HP: 25/25 MP: 0/11
   976 | D:2      | Learned a level 3 spell: Conjure Flame
   980 | D:2      | Learned a level 3 spell: Mephitic Cloud
  1111 | D:2      | Found a snail-covered altar of Cheibriados.
  1112 | D:2      | Reached skill level 1 in Invocations
  1279 | D:2      | Found a bloodstained altar of Trog.
  1419 | D:2      | Found a radiant altar of Vehumet.
  1589 | D:2      | Reached skill level 1 in Fighting
  1589 | D:2      | Reached skill level 1 in Short Blades
  1589 | D:2      | Reached skill level 1 in Long Blades
  1589 | D:2      | Reached skill level 1 in Axes
  1589 | D:2      | Reached skill level 1 in Maces & Flails
  1589 | D:2      | Reached skill level 1 in Polearms
  1589 | D:2      | Reached skill level 1 in Staves
  1589 | D:2      | Reached skill level 1 in Slings
  1589 | D:2      | Reached skill level 1 in Bows
  1589 | D:2      | Reached skill level 1 in Crossbows
  1589 | D:2      | Reached skill level 1 in Throwing
  1589 | D:2      | Reached skill level 1 in Armour
  1589 | D:2      | Reached skill level 1 in Shields
  1589 | D:2      | Reached skill level 1 in Unarmed Combat
  1589 | D:2      | Reached skill level 1 in Evocations
  1684 | D:2      | Reached XP level 4. HP: 32/32 MP: 8/13
  1884 | D:2      | Found a runed door.
  1996 | D:2      | Noticed Crazy Yiuf
  2009 | D:2      | Killed Crazy Yiuf
  2131 | D:3      | Found a white marble altar of Elyvilon.
  2143 | D:3      | Noticed Robin
  2150 | D:3      | Killed Robin
  2150 | D:3      | Reached skill level 1 in Hexes
  2150 | D:3      | Reached skill level 1 in Charms
  2150 | D:3      | Reached skill level 1 in Necromancy
  2150 | D:3      | Reached skill level 1 in Transmutations
  2150 | D:3      | Reached skill level 1 in Fire Magic
  2150 | D:3      | Reached skill level 1 in Ice Magic
  2150 | D:3      | Reached skill level 1 in Air Magic
  2150 | D:3      | Reached skill level 1 in Earth Magic
  2150 | D:3      | Reached skill level 1 in Poison Magic
  2161 | D:3      | Reached XP level 5. HP: 28/37 MP: 1/14
  2735 | D:3      | Found a sacrificial altar of Ru.
  2893 | D:3      | Noticed an eye of draining
  2901 | D:3      | Found a bloodstained altar of Trog.
  2920 | D:3      | Killed an eye of draining
  2920 | D:3      | Reached XP level 6. HP: 44/44 MP: 1/16
  3063 | D:3      | Found a sacrificial altar of Ru.
  3476 | D:3      | Reached skill level 5 in Dodging
  3697 | D:4      | Noticed Rhok's ghost (novice MfHu)
  4150 | D:4      | Noticed Edmund
  4380 | D:4      | Reached XP level 7. HP: 50/50 MP: 7/18
  4827 | D:4      | Found an opulent altar of Gozag.
  5000 | D:4      | Killed Edmund
  5000 | D:4      | Reached skill level 5 in Stealth
  5198 | D:5      | Entered Level 5 of the Dungeon
  5320 | D:5      | Found Uroiz's Weapon Emporium.
  5344 | D:5      | Reached XP level 8. HP: 44/57 MP: 6/19
  6298 | D:6      | Noticed Prince Ribbit
  6330 | D:6      | Killed Prince Ribbit
  6488 | D:6      | Noticed Pikel
  6903 | D:6      | Noticed a hornet
  6910 | D:6      | Killed a hornet
  6910 | D:6      | Reached XP level 9. HP: 65/65 MP: 13/21
  7436 | D:6      | Found a glowing golden altar of the Shining One.
  7570 | D:6      | Found Soocohik's Weapon Shop.
  7904 | D:7      | Found a staircase to the Ecumenical Temple.
  7929 | Temple   | Entered the Ecumenical Temple
  8028 | Temple   | Became a worshipper of Ashenzari the Shackled
  8431 | D:7      | Found a hazy altar of Hepliaklqana.
  9184 | D:8      | Found an ancient bone altar of Kikubaaqudgha.
  9465 | D:7      | Reached skill level 5 in Invocations
  9587 | D:8      | Noticed Joseph
  9596 | D:8      | Found an iron altar of Okawaru.
 10171 | D:7      | Reached XP level 10. HP: 73/73 MP: 9/22
 10674 | D:8      | Found a staircase to the Lair.
 10713 | D:8      | Noticed Maurice
 10746 | D:8      | Killed Maurice
 10746 | D:8      | Reached skill level 5 in Fighting
 10746 | D:8      | Reached skill level 5 in Short Blades
 10746 | D:8      | Reached skill level 5 in Long Blades
 10746 | D:8      | Reached skill level 5 in Axes
 10746 | D:8      | Reached skill level 5 in Maces & Flails
 10746 | D:8      | Reached skill level 5 in Polearms
 10746 | D:8      | Reached skill level 5 in Staves
 10746 | D:8      | Reached skill level 5 in Slings
 10746 | D:8      | Reached skill level 5 in Bows
 10746 | D:8      | Reached skill level 5 in Crossbows
 10746 | D:8      | Reached skill level 5 in Throwing
 10746 | D:8      | Reached skill level 5 in Armour
 10746 | D:8      | Reached skill level 5 in Shields
 10746 | D:8      | Reached skill level 5 in Unarmed Combat
 10746 | D:8      | Reached skill level 5 in Evocations
 12111 | D:9      | Found a stormy altar of Qazlal.
 12369 | D:9      | Noticed a two-headed ogre
 12382 | D:9      | Killed a two-headed ogre
 12382 | D:9      | Reached skill level 5 in Conjurations
 12382 | D:9      | Reached skill level 5 in Summonings
 12382 | D:9      | Reached skill level 5 in Translocations
 12552 | D:10     | Entered Level 10 of the Dungeon
 12553 | D:10     | Reached * piety under Ashenzari
 12569 | D:10     | Identified the ring "Bife" {+Fly rPois Str+4} (You took it off an orc on level 10 of the Dungeon)
 12808 | D:10     | Learned a level 2 spell: Swiftness
 12813 | D:10     | Learned a level 4 spell: Airstrike
 12819 | D:10     | Learned a level 5 spell: Lightning Bolt
 12840 | D:10     | Noticed a cyclops
 13142 | D:10     | Noticed Nergalle
 13167 | D:10     | Killed Nergalle
 13167 | D:10     | Reached XP level 11. HP: 32/81 MP: 11/24
 13508 | D:10     | Found Pubbai's Jewellery Emporium.
 14049 | D:10     | Noticed Gastronok
 14059 | D:10     | Noticed a two-headed ogre
 14219 | D:10     | Killed a cyclops
 14564 | D:10     | Killed Gastronok
 14564 | D:10     | Reached skill level 5 in Hexes
 14564 | D:10     | Reached skill level 5 in Charms
 14564 | D:10     | Reached skill level 5 in Necromancy
 14564 | D:10     | Reached skill level 5 in Transmutations
 14564 | D:10     | Reached skill level 5 in Fire Magic
 14564 | D:10     | Reached skill level 5 in Ice Magic
 14564 | D:10     | Reached skill level 5 in Air Magic
 14564 | D:10     | Reached skill level 5 in Earth Magic
 14564 | D:10     | Reached skill level 5 in Poison Magic
 14978 | Lair:1   | Entered Level 1 of the Lair of Beasts
 15377 | D:8      | Killed Joseph
 15546 | Lair:1   | Noticed a seven-headed hydra
 15554 | Lair:1   | Killed a seven-headed hydra
 16808 | Lair:1   | Reached XP level 12. HP: 68/89 MP: 6/25
 17212 | Lair:1   | Noticed a five-headed hydra
 17267 | Lair:1   | Killed a five-headed hydra
 17575 | Lair:2   | Reached skill level 10 in Spellcasting
 18133 | Lair:2   | Found a hole to the Spider Nest.
 18871 | Lair:3   | Reached ** piety under Ashenzari
 18876 | Lair:3   | Noticed Harold
 19126 | Lair:2   | Learned a level 5 spell: Summon Mana Viper
 19304 | Lair:3   | Killed Harold
 21117 | Lair:4   | Reached XP level 13. HP: 98/98 MP: 17/27
 22750 | Lair:4   | Found a staircase to the Swamp.
 23572 | Lair:5   | Found a runed door.
 23650 | Lair:5   | Found a viscous altar of Jiyva.
 23930 | Lair:5   | Identified the ring "Utur" {MR+ MP+9 Int+5 SInv}
 24029 | Lair:5   | Learned a level 5 spell: Fireball
 24036 | Lair:5   | Found a staircase to the Slime Pits.
 24265 | Lair:6   | Entered Level 6 of the Lair of Beasts
 25870 | Lair:6   | Identified the amulet "Olacofist" {+Rage +Inv rN+ MR+} (You took it off a spriggan on level 6 of the Lair of Beasts)
 26523 | Lair:6   | Reached XP level 14. HP: 93/106 MP: 5/29
 27570 | Lair:6   | Reached skill level 10 in Dodging
 27636 | Lair:6   | Got the longbow "Coesoil" {speed, +Blink rN+ Dex+4}
 27911 | Lair:6   | Identified the +5 longbow "Coesoil" {speed, +Blink rN+ Dex+4} (You found it on level 6 of the Lair of Beasts)
 28180 | Lair:2   | Found the +0 pair of fencer's gloves {+Riposte Dex+3}
 28205 | Lair:2   | Got the uncursed scale mail of Divine Compulsion {rN+}
 29097 | D:11     | Reached *** piety under Ashenzari
 29271 | D:10     | Identified the +4 scale mail of Divine Compulsion {rN+} (You found it on level 2 of the Lair of Beasts)
 29479 | D:8      | Found an ornate altar of the Wu Jian Council.
 29870 | D:12     | Noticed Frances
 30045 | D:11     | Found a staircase to the Orcish Mines.
 30251 | D:11     | Noticed troglodite's ghost (journeyman DsBe)
 30278 | D:11     | Killed troglodite's ghost
 30278 | D:11     | Reached skill level 10 in Stealth
 30733 | D:12     | Killed Frances
 30790 | D:12     | Got the uncursed ring mail of the Harvest {Dex+7}
 30801 | D:12     | Identified the +6 ring mail of the Harvest {Dex+7} (You found it on level 12 of the Dungeon)
 31021 | D:12     | Reached skill level 10 in Invocations
 31851 | D:13     | Found a gate to the Vaults.
 31918 | D:13     | Reached **** piety under Ashenzari
 32740 | Orc:1    | Entered Level 1 of the Orcish Mines
 32763 | Orc:1    | Paralysed by an orc sorcerer for 3 turns
 33289 | Orc:1    | Found Osoh's Antique Armour Boutique.
 33524 | Orc:1    | Paralysed by an orc sorcerer for 3 turns
 33924 | Orc:2    | Entered Level 2 of the Orcish Mines
 34187 | Orc:2    | Found a staircase to the Elven Halls.
 34213 | Orc:2    | Noticed an orc warlord
 34244 | Orc:2    | Killed an orc warlord
 34244 | Orc:2    | Reached XP level 15. HP: 94/114 MP: 13/30
 35030 | Orc:2    | Gained mutation: You are frail. (-10% HP) [a neqoxec]
 35031 | Orc:2    | Gained mutation: Your muscles are strong. (Str +2) [a neqoxec]
 35048 | Orc:2    | Gained mutation: You have large cloven feet. [a neqoxec]
 35325 | Orc:2    | Found Qaockula's Magic Scroll Shop.
 35331 | Orc:2    | Found Ruestyne's General Store.
 35449 | Orc:2    | Bought a scroll of acquirement for 936 gold pieces
 36296 | Orc:2    | Gained mutation: You tend to lose your temper in combat. [a neqoxec]
 36298 | Orc:2    | Lost mutation: Your muscles are strong. (Str +2) [potion of mutation]
 36298 | Orc:2    | Lost mutation: You are frail. (-10% HP) [potion of mutation]
 36298 | Orc:2    | Gained mutation: You are partially covered in thin metallic scales. (AC +2) [potion of mutation]
 36298 | Orc:2    | Gained mutation: Your spells are a little harder to cast, but a little more powerful. [potion of mutation]
 36298 | Orc:2    | Gained mutation: You are clumsy. (Dex -2) [potion of mutation]
 36298 | Orc:2    | Gained mutation: You evolve. [potion of mutation]
 36536 | Orc:2    | Found Setir's Book Shoppe.
 36536 | Orc:2    | Found a one-way gate leading to the halls of Pandemonium.
 36536 | Orc:2    | Found Wuufry's Antique Weapon Emporium.
 36680 | Orc:2    | Bought a book of Spatial Translocations for 975 gold pieces
 36683 | Orc:2    | Learned a level 2 spell: Shroud of Golubria
 37194 | D:14     | Reached skill level 10 in Fighting
 37194 | D:14     | Reached skill level 10 in Short Blades
 37194 | D:14     | Reached skill level 10 in Long Blades
 37194 | D:14     | Reached skill level 10 in Axes
 37194 | D:14     | Reached skill level 10 in Maces & Flails
 37194 | D:14     | Reached skill level 10 in Polearms
 37194 | D:14     | Reached skill level 10 in Staves
 37194 | D:14     | Reached skill level 10 in Slings
 37194 | D:14     | Reached skill level 10 in Bows
 37194 | D:14     | Reached skill level 10 in Crossbows
 37194 | D:14     | Reached skill level 10 in Throwing
 37194 | D:14     | Reached skill level 10 in Armour
 37194 | D:14     | Reached skill level 10 in Shields
 37194 | D:14     | Reached skill level 10 in Unarmed Combat
 37194 | D:14     | Reached skill level 10 in Evocations
 37621 | D:14     | Lost mutation: You are clumsy. (Dex -2) [evolution]
 37819 | D:14     | Reached ***** piety under Ashenzari
 38094 | D:14     | Identified the cursed ring "Fesm" {rN+ Dex-3}
 38133 | D:13     | Learned a level 4 spell: Passage of Golubria
 38234 | D:15     | Entered Level 15 of the Dungeon
 39491 | D:15     | Found a staircase to the Depths.
 39491 | D:15     | Noticed a frost giant
 40409 | Swamp:1  | Entered Level 1 of the Swamp
 41214 | Swamp:1  | Reached XP level 16. HP: 118/122 MP: 23/32
 41697 | Swamp:1  | Noticed a thorn hunter
 41730 | Lair:4   | Killed a thorn hunter
 42213 | Swamp:1  | Got the uncursed ring mail "Xemut" {+Inv Dex+5 Stlth-}
 42797 | Swamp:2  | Noticed a thorn hunter
 42869 | Swamp:2  | Killed a thorn hunter
 43043 | Swamp:2  | Noticed Nikola
 43824 | Swamp:1  | Gained mutation: You have an increased reservoir of magic. (+10% MP) [evolution]
 43824 | Swamp:1  | Lost mutation: You evolve. [end of evolution]
 44252 | Swamp:3  | Found a frozen archway.
 44308 | IceCv    | Entered an ice cave
 45033 | IceCv    | Got the cursed scale mail of Zuotead {Int+5}
 46409 | Swamp:4  | Entered Level 4 of the Swamp
 46730 | Swamp:4  | Noticed Bai Suzhen
 46756 | Swamp:4  | Noticed a thorn hunter
 46912 | Swamp:2  | Killed Nikola
 46912 | Swamp:2  | Reached XP level 17. HP: 131/131 MP: 23/37
 47478 | Spider:1 | Entered Level 1 of the Spider Nest
 49884 | Spider:2 | Noticed Arachne
 49923 | Spider:1 | Killed Arachne
 49923 | Spider:1 | Reached skill level 10 in Conjurations
 49923 | Spider:1 | Reached skill level 10 in Summonings
 49923 | Spider:1 | Reached skill level 10 in Translocations
 50644 | Spider:2 | Paralysed by a hornet for 3 turns
 52017 | Spider:3 | Identified the amulet "Kiawkom" {Regen+ Int+3 Dex+2}
 52245 | Spider:3 | Reached skill level 10 in Hexes
 52245 | Spider:3 | Reached skill level 10 in Charms
 52245 | Spider:3 | Reached skill level 10 in Necromancy
 52245 | Spider:3 | Reached skill level 10 in Transmutations
 52245 | Spider:3 | Reached skill level 10 in Fire Magic
 52245 | Spider:3 | Reached skill level 10 in Ice Magic
 52245 | Spider:3 | Reached skill level 10 in Air Magic
 52245 | Spider:3 | Reached skill level 10 in Earth Magic
 52245 | Spider:3 | Reached skill level 10 in Poison Magic
 52668 | Spider:3 | Reached XP level 18. HP: 139/139 MP: 32/38
 52977 | Spider:4 | Entered Level 4 of the Spider Nest
 53164 | Spider:4 | Paralysed by a hornet for 1 turns
 55398 | Spider:4 | Got a gossamer rune of Zot
 57716 | Swamp:4  | Killed Bai Suzhen
 57936 | Swamp:4  | Got a decaying rune of Zot
 58670 | Depths:1 | Entered Level 1 of the Depths
 59032 | Depths:1 | Found a gateway to Hell.
 59319 | Depths:1 | Found Mopnatru's Gadget Shop.
 59319 | Depths:1 | Found Moedwiomn's Jewellery Shoppe.
 59320 | Depths:1 | Found Cahim's Jewellery Shoppe.
 59678 | D:15     | Reached XP level 19. HP: 88/147 MP: 20/40
 60107 | Depths:1 | Got the cursed robe of a Billion Moons {Str+3 Dex+4}
 60108 | Depths:1 | Identified the cursed +1 robe of a Billion Moons {Str+3 Dex+4} (You found it on level 1 of the Depths)
 61421 | Depths:2 | Found Toboenack's Magic Scroll Shop.
 61808 | Orc:2    | Bought a book of Enchantments for 750 gold pieces
 61815 | Orc:2    | Learned a level 6 spell: Deflect Missiles
 61868 | Elf:1    | Entered Level 1 of the Elven Halls
 61978 | Elf:1    | Got the short sword "Murmur" {vamp, +Rage rPois rF+}
 61979 | Elf:1    | Identified the +9 short sword "Murmur" {vamp, +Rage rPois rF+} (You found it on level 1 of the Elven Halls)
 62288 | Elf:1    | Noticed Kirke
 62323 | Elf:1    | Killed Kirke
 62496 | Elf:1    | Noticed Roxanne
 62521 | Elf:1    | Killed Roxanne
 62526 | Elf:1    | Identified Roxanne's Compendium of Changing (You took it off Roxanne on level 1 of the Elven Halls)
 62545 | Elf:1    | Found Eshrolow's Armour Boutique.
 63484 | Elf:2    | Found Lifuram's Antique Armour Shoppe.
 63555 | Elf:2    | Reached ****** piety under Ashenzari
 63594 | Elf:2    | Noticed Saint Roka
 64756 | Elf:2    | Killed Saint Roka
 64959 | Elf:2    | Found a runed gate.
 64960 | Elf:2    | Found a runed gate.
 64963 | Elf:2    | Found a runed gate.
 65271 | Orc:2    | Bought a smoking hand crossbow for 238 gold pieces
 65380 | Elf:3    | Entered Level 3 of the Elven Halls
 65538 | Elf:3    | Noticed Donald
 65579 | Elf:3    | Killed Donald
 65762 | Elf:3    | Found the +3 crown of Dyrovepreva {rElec Int+2 SInv}
 65790 | Elf:3    | Found Caug's Distillery.
 66437 | Elf:3    | Reached XP level 20. HP: 155/155 MP: 38/42
 70366 | Lair:1   | Learned a level 6 spell: Statue Form
 71879 | Elf:2    | Bought the -2 hat of the Alchemist {rElec rPois rF+ rC+ rN+ MR+ rMut rCorr} for 1746 gold pieces
 71879 | Elf:2    | Found the -2 hat of the Alchemist {rElec rPois rF+ rC+ rN+ MR+ rMut rCorr}
 72197 | Depths:2 | Got the war axe of Ronk {flame, Int+4 Dex+7}
 72201 | Depths:2 | Identified the +8 war axe of Ronk {flame, Int+4 Dex+7} (You took it off a balrug on level 2 of the Depths)
 72252 | Depths:2 | Found Urithrod's Jewellery Emporium.
 72373 | Depths:2 | Found Niebit's Antique Weapon Emporium.
 72375 | Depths:2 | Found Wuomup Mung's Antique Armour Emporium.
 72375 | Depths:2 | Found Tegae's General Store.
 72394 | Depths:2 | Noticed Mara
 72569 | Depths:2 | Killed Mara
 72939 | Depths:2 | Reached XP level 21. HP: 163/163 MP: 32/43
 72967 | Depths:2 | Reached skill level 15 in Spellcasting
 74227 | Depths:2 | Noticed a juggernaut
 74381 | Depths:2 | Killed a juggernaut
 74386 | Depths:2 | Got the spear "Ogrebane" {pierce, Dex+3}
 74387 | Depths:2 | Identified the +5 spear "Ogrebane" {pierce, Dex+3} (You found it on level 2 of the Depths)
 74938 | Depths:3 | Noticed a caustic shrike
 75072 | Depths:3 | Killed a caustic shrike
 75152 | Depths:3 | Noticed a caustic shrike
 75157 | Depths:3 | Paralysed by a floating eye for 3 turns
 75160 | Depths:3 | Noticed a golden dragon
 75161 | Depths:3 | Paralysed by a floating eye for 3 turns
 75279 | Depths:3 | Killed a caustic shrike
 75279 | Depths:3 | Reached skill level 15 in Invocations
 75346 | Depths:3 | Found a gateway to a ziggurat.
 75902 | Depths:3 | Paralysed by a floating eye for 3 turns
 75915 | Depths:3 | Paralysed by a floating eye for 3 turns
 75929 | Depths:3 | Paralysed by a floating eye for 2 turns
 76288 | Depths:3 | Noticed a caustic shrike
 76300 | Depths:3 | Killed a caustic shrike
 76351 | Depths:3 | Noticed a golden dragon
 76462 | Depths:3 | Killed a golden dragon
 76607 | Depths:3 | Noticed a golden dragon
 76632 | Depths:3 | Killed a golden dragon
 76632 | Depths:3 | Reached skill level 15 in Staves
 76752 | Depths:3 | Reached XP level 22. HP: 155/172 MP: 33/45
 76854 | Depths:3 | Killed a golden dragon
 77197 | Depths:4 | Noticed Jory
 77254 | Depths:4 | Killed Jory
 77381 | Depths:4 | Noticed the Enchantress
 77466 | Depths:4 | Noticed Jorgrun
 77480 | Depths:4 | Killed Jorgrun
 77751 | Depths:4 | Noticed Frederick
 77993 | Lair:1   | Learned a level 6 spell: Iron Shot
 78211 | Depths:4 | Found a one-way gate to the infinite horrors of the Abyss.
 78950 | Depths:4 | Killed Frederick
 79772 | Depths:5 | Entered Level 5 of the Depths
 79922 | Depths:5 | Reached skill level 15 in Dodging
 80036 | Depths:5 | Noticed Xtahua
 80513 | Depths:5 | HP: 6/173 [storm dragon (8)]
 81011 | Orc:2    | Bought a scroll of teleportation for 33 gold pieces
 81194 | Depths:2 | Bought the ring of Ephemeral Luck {+Fly rPois rF+ rC+ Str+2} for 515 gold pieces
 81282 | Depths:5 | Reached skill level 15 in Stealth
 81451 | Depths:5 | Noticed Boris
 81577 | Depths:4 | Killed Boris
 81616 | Depths:5 | Gained mutation: Armour fits poorly on your strangely shaped body. [a cacodemon]
 81618 | Depths:5 | Reached skill level 15 in Short Blades
 81811 | Depths:5 | Noticed a caustic shrike
 81811 | Depths:5 | a sphinx changed into a caustic shrike
 81815 | Depths:5 | a caustic shrike changed into a frost giant
 81824 | Depths:5 | Noticed a caustic shrike
 81824 | Depths:5 | a caustic shrike changed into an acid blob
 81897 | Depths:5 | Killed Xtahua
 82147 | Depths:5 | Found a gate to the Realm of Zot.
 82306 | Depths:5 | Reached XP level 23. HP: 179/179 MP: 47/47
 83209 | Vaults:1 | Entered Level 1 of the Vaults
 85301 | Vaults:2 | Got the trident "Coixi" {holy, rPois Str+8 Int-4}
 85302 | Vaults:2 | Identified the +9 trident "Coixi" {holy, rPois Str+8 Int-4} (You found it on level 2 of the Vaults)
 85342 | Vaults:2 | Found a staircase to the Crypt.
 85342 | Vaults:2 | Found an ancient bone altar of Kikubaaqudgha.
 85343 | Vaults:2 | Found a basalt altar of Yredelemnul.
 85659 | Vaults:2 | Reached skill level 15 in Fighting
 85659 | Vaults:2 | Reached skill level 15 in Long Blades
 85659 | Vaults:2 | Reached skill level 15 in Axes
 85659 | Vaults:2 | Reached skill level 15 in Maces & Flails
 85659 | Vaults:2 | Reached skill level 15 in Polearms
 85659 | Vaults:2 | Reached skill level 15 in Slings
 85659 | Vaults:2 | Reached skill level 15 in Bows
 85659 | Vaults:2 | Reached skill level 15 in Crossbows
 85659 | Vaults:2 | Reached skill level 15 in Throwing
 85659 | Vaults:2 | Reached skill level 15 in Armour
 85659 | Vaults:2 | Reached skill level 15 in Shields
 85659 | Vaults:2 | Reached skill level 15 in Unarmed Combat
 85659 | Vaults:2 | Reached skill level 15 in Evocations
 87809 | Vaults:3 | Reached XP level 24. HP: 189/189 MP: 38/47
 89119 | Vaults:4 | Found a ruined gateway.
 89120 | Vaults:4 | Noticed Margery
 89130 | Vaults:4 | Killed Margery
 89175 | Desolati | Entered the Desolation of Salt
 89268 | Desolati | Reached skill level 15 in Necromancy
 89333 | Desolati | Found the cursed +13 scythe of Curses {drain, *Curse}
 89360 | Desolati | Identified the ring "Uhedy" {Ice rElec Int+3}
 89830 | Desolati | Identified the Almanac of the Earthen Oath
 90120 | Desolati | Got the quarterstaff of Contention {speed, rElec Int+4 Dex+3}
 91202 | Vaults:4 | Got the uncursed chain mail of Xycexap {Slay+3}
 91606 | Vaults:4 | Reached XP level 25. HP: 197/197 MP: 48/48
 92047 | Lair:1   | Learned a level 3 spell: Regeneration
 92513 | Vaults:5 | Entered Level 5 of the Vaults
 92670 | Vaults:3 | Identified the +1 chain mail of Xycexap {Slay+3} (You found it on level 4 of the Vaults)
 92837 | Vaults:5 | Paralysed by a floating eye for 4 turns
 93169 | Vaults:5 | Noticed a shard shrike
 93169 | Vaults:5 | an iron dragon changed into a shard shrike
 93171 | Vaults:5 | Noticed a juggernaut
 93171 | Vaults:5 | a shard shrike changed into a juggernaut
 93175 | Vaults:5 | a juggernaut changed into a titan
 93343 | Vaults:5 | Identified the ring of Ohul {rElec rPois rC- Dex+8 Stlth+} (You took it off an orc knight on level 5 of the Vaults)
 93528 | Vaults:5 | Reached XP level 26. HP: 206/206 MP: 48/48
 93595 | Vaults:5 | Noticed microfolk's ghost (adept DrTm)
 93616 | Vaults:5 | Identified the ring "Omead" {rN+ Str+2 Stlth+} (You took it off an ironbrand convoker on level 5 of the Vaults)
 93737 | Vaults:5 | Killed microfolk's ghost
 94207 | Vaults:5 | Got a silver rune of Zot
 94391 | Vaults:5 | Found the +8 orange crystal plate armour {Archmagi, Int+3 Clar}
 95577 | Depths:2 | Bought an ancient ring mail for 369 gold pieces
 95655 | Zot:1    | Entered Level 1 of the Realm of Zot
 96200 | Zot:1    | Noticed glosham's ghost (legendary KoAr)
 96525 | Zot:1    | Killed glosham's ghost
 97708 | Zot:2    | Reached XP level 27. HP: 213/213 MP: 49/49
 99309 | Zot:4    | Reached skill level 15 in Conjurations
 99309 | Zot:4    | Reached skill level 15 in Summonings
 99309 | Zot:4    | Reached skill level 15 in Translocations
 99641 | Zot:4    | Noticed an orb of fire
 99651 | Zot:4    | Gained mutation: Your body sometimes deteriorates upon taking damage. [an orb of fire]
 99653 | Zot:4    | Gained mutation: You are clumsy. (Dex -2) [an orb of fire]
 99659 | Zot:4    | Killed an orb of fire
 99837 | Zot:3    | Lost mutation: You are clumsy. (Dex -2) [potion of mutation]
 99837 | Zot:3    | Lost mutation: You tend to lose your temper in combat. [potion of mutation]
 99837 | Zot:3    | Lost mutation: Armour fits poorly on your strangely shaped body. [potion of mutation]
 99837 | Zot:3    | Lost mutation: Your spells are a little harder to cast, but a little more powerful. [potion of mutation]
 99837 | Zot:3    | Gained mutation: Your flesh is cold resistant. (rC+) [potion of mutation]
 99837 | Zot:3    | Gained mutation: You possess an exceptional clarity of mind. [potion of mutation]
100121 | Zot:4    | Reached skill level 15 in Hexes
100121 | Zot:4    | Reached skill level 15 in Charms
100121 | Zot:4    | Reached skill level 15 in Transmutations
100121 | Zot:4    | Reached skill level 15 in Fire Magic
100121 | Zot:4    | Reached skill level 15 in Ice Magic
100121 | Zot:4    | Reached skill level 15 in Air Magic
100121 | Zot:4    | Reached skill level 15 in Earth Magic
100121 | Zot:4    | Reached skill level 15 in Poison Magic
100446 | Zot:4    | Noticed an orb of fire
100457 | Zot:4    | Killed an orb of fire
101299 | Zot:5    | Entered Level 5 of the Realm of Zot
101299 | Zot:5    | Found Veuxir's Changing Room.
102204 | Zot:5    | Noticed an ancient lich
102208 | Zot:5    | Killed an ancient lich
102229 | Zot:5    | Noticed an orb of fire
102239 | Zot:5    | Killed an orb of fire
102677 | Zot:5    | Noticed an orb of fire
102685 | Zot:5    | Killed an orb of fire
103029 | Zot:5    | Noticed an ancient lich
103034 | Zot:5    | Killed an ancient lich
104123 | Zot:5    | Noticed an orb of fire
104133 | Zot:5    | Killed an orb of fire
104390 | Zot:5    | Found Veuxir's Changing Room.
105962 | Lair:1   | Learned a level 5 spell: Borgnjor's Vile Clutch
106186 | Depths:4 | Killed the Enchantress
106189 | Depths:4 | Got the uncursed faerie dragon scales {rElec rCorr Dex+4}
106389 | Depths:4 | Voluntarily entered the Abyss.
107337 | Abyss:4  | Got an abyssal rune of Zot
107453 | Depths:4 | Escaped the Abyss
108187 | Slime:1  | Entered Level 1 of the Pits of Slime
108205 | Slime:1  | Gained mutation: You are agile. (Dex +2) [a shining eye]
108805 | Slime:4  | Gained mutation: You are frail. (-10% HP) [a shining eye]
108823 | Slime:5  | Entered Level 5 of the Pits of Slime
108864 | Slime:5  | Gained mutation: You are very frail. (-20% HP) [a shining eye]
109031 | Lair:1   | Lost mutation: You are very frail. (-20% HP) [potion of mutation]
109031 | Lair:1   | Lost mutation: Your body sometimes deteriorates upon taking damage. [potion of mutation]
109031 | Lair:1   | Gained mutation: You are somewhat resistant to further mutation. [potion of mutation]
109031 | Lair:1   | Gained mutation: You are weak. (Str -2) [potion of mutation]
109031 | Lair:1   | Gained mutation: You are partially covered in large bone plates. (SH +4) [potion of mutation]
109510 | Slime:5  | Noticed the Royal Jelly
109528 | Slime:5  | Killed the Royal Jelly
109832 | Slime:5  | Identified the ring "Heloes" {+Inv rC+ rN+ MP+9 Str-3}
109852 | Slime:5  | Got the cursed morningstar "Zuhirgh" {pain, rN+ MR+}
109872 | Slime:5  | Identified Sif Muna's Volume of Toxic Orientation
109945 | Slime:5  | Got a slimy rune of Zot
109954 | Slime:5  | Identified the Catalogue of Mutagenic Talismans
110391 | Lair:1   | Identified the cursed +1 morningstar "Zuhirgh" {pain, rN+ MR+} (You found it on level 5 of the Pits of Slime)
111777 | Zot:5    | Got the Orb of Zot
111843 | Zot:4    | Noticed Vextoob the pandemonium lord
111846 | Zot:4    | Noticed Raunuv the pandemonium lord
111867 | Zot:2    | Killed Vextoob the pandemonium lord
111962 | Depths:1 | Noticed Ilees the pandemonium lord
112017 | D:14     | Killed Ilees the pandemonium lord
112074 | D:11     | Noticed Ycvibir the pandemonium lord
112074 | D:11     | Noticed an ancient lich
112234 | D:4      | Noticed a seraph
112317 | D:$      | Escaped with the Orb!

Skill      XL: |  1  2  3  4  5  6  7  8  9 10 11 12 13 14 15 16 17 18 19 20 21 22 23 24 25 26 27 |
---------------+----------------------------------------------------------------------------------+-----
Conjurations   | 2 3 4 5 6 7 8 9 10 11 12 13 14 16 | 16.4
Summonings     | 2 3 4 5 6 7 8 9 10 11 12 13 14 16 | 16.4
Translocations | 2 3 4 5 6 7 8 9 10 11 12 13 14 16 | 16.4
Invocations    | 1 2 3 4 5 6 7 8 9 10 11 12 13 14 15 16 17 18 20 | 20.2
Fighting       | 1 2 3 4 5 6 7 8 9 10 11 12 13 14 15 16 18 | 18.8
Short Blades   | 1 2 3 4 5 6 7 8 9 10 11 12 13 14 15 16 17 18 19 22 | 22.1
Long Blades    | 1 2 3 4 5 6 7 8 9 10 11 12 13 14 15 16 18 | 18.8
Axes           | 1 2 3 4 5 6 7 8 9 10 11 12 13 14 15 16 18 | 18.8
Maces & Flails | 1 2 3 4 5 6 7 8 9 10 11 12 13 14 15 16 18 | 18.8
Polearms       | 1 2 3 4 5 6 7 8 9 10 11 12 13 14 15 16 18 | 18.8
Staves         | 1 2 3 4 5 6 7 8 9 10 11 12 13 15 16 17 18 19 22 | 22.6
Slings         | 1 2 3 4 5 6 7 8 9 10 11 12 13 14 15 16 18 | 18.8
Bows           | 1 2 3 4 5 6 7 8 9 10 11 12 13 14 15 16 18 | 18.8
Crossbows      | 1 2 3 4 5 6 7 8 9 10 11 12 13 14 15 16 18 | 18.8
Throwing       | 1 2 3 4 5 6 7 8 9 10 11 12 13 14 15 16 18 | 18.8
Armour         | 1 2 3 4 5 6 7 8 9 10 11 12 13 14 15 16 18 | 18.8
Shields        | 1 2 3 4 5 6 7 8 9 10 11 12 13 14 15 16 18 | 18.8
Unarmed Combat | 1 2 3 4 5 6 7 8 9 10 11 12 13 14 15 16 18 | 18.8
Evocations     | 1 2 3 4 5 6 7 8 9 10 11 12 13 14 15 16 18 | 18.8
Hexes          | 1 2 3 4 5 6 7 8 9 10 11 12 13 14 16 | 16.3
Charms         | 1 2 3 4 5 6 7 8 9 10 11 12 13 14 16 | 16.3
Necromancy     | 1 2 3 4 5 6 7 8 9 10 11 12 13 14 15 16 17 19 | 19.7
Transmutations | 1 2 3 4 5 6 7 8 9 10 11 12 13 14 16 | 16.3
Fire Magic     | 1 2 3 4 5 6 7 8 9 10 11 12 13 14 16 | 16.3
Ice Magic      | 1 2 3 4 5 6 7 8 9 10 11 12 13 14 16 | 16.3
Air Magic      | 1 2 3 4 5 6 7 8 9 10 11 12 13 14 16 | 16.3
Earth Magic    | 1 2 3 4 5 6 7 8 9 10 11 12 13 14 16 | 16.3
Poison Magic   | 1 2 3 4 5 6 7 8 9 10 11 12 13 14 16 | 16.3
Dodging        | 5 6 7 8 9 10 11 12 13 14 15 16 17 19 | 19.2
Stealth        | 5 6 7 8 9 10 11 12 13 14 15 16 17 19 | 19.2
Spellcasting   | 8 9 10 11 12 13 14 15 16 17 18 19 | 19.7

Action                   |  1- 3 |  4- 6 |  7- 9 | 10-12 | 13-15 | 16-18 | 19-21 | 22-24 | 25-27 || total
-------------------------+-------+-------+-------+-------+-------+-------+-------+-------+-------++-------
Melee: Bite              |     1 |     8 |     4 |    22 |   165 |   305 |   386 |   496 |   549 ||  1936
       Unarmed           |     1 |       |       |       |       |       |       |       |       ||     1
       Mace              |       |    60 |    80 |    13 |       |       |       |       |       ||   153
       Dagger            |       |     9 |       |       |       |       |       |       |       ||     9
       Punch             |       |       |     2 |     6 |    48 |   124 |    40 |       |       ||   220
       Short sword       |       |       |       |   128 |   970 |  1204 |  1725 |       |       ||  4027
       Kick              |       |       |       |       |       |       |   512 |   930 |  1022 ||  2464
       Spear             |       |       |       |       |       |       |   618 |  2796 |    43 ||  3457
       War axe           |       |       |       |       |       |       |       |   476 |  2726 ||  3202
 Fire: Longbow           |       |       |       |       |   719 |  1701 |   345 |       |       ||  2765
 Cast: Magic Dart        |    75 |   142 |   348 |   711 |   292 |    14 |       |     1 |    32 ||  1615
       Call Imp          |     6 |     7 |    61 |    70 |       |     4 |       |       |       ||   148
       Conjure Flame     |     1 |     2 |     9 |    23 |     7 |     1 |     1 |       |       ||    44
       Blink             |     1 |     1 |     6 |    13 |     7 |     6 |     4 |     4 |     6 ||    48
       Mephitic Cloud    |       |     1 |     7 |    10 |     3 |       |     2 |       |       ||    23
       Airstrike         |       |       |       |    13 |     2 |    37 |       |       |       ||    52
       Lightning Bolt    |       |       |       |    30 |     6 |     5 |    22 |     8 |    15 ||    86
       Swiftness         |       |       |       |     1 |     1 |     1 |     2 |     3 |     2 ||    10
       Summon Mana Viper |       |       |       |    14 |   189 |   122 |   172 |   115 |     8 ||   620
       Fireball          |       |       |       |       |    38 |    36 |    59 |    19 |    32 ||   184
       Shroud of Golubri |       |       |       |       |     8 |    15 |    31 |    53 |    14 ||   121
       Passage of Golubr |       |       |       |       |     2 |     8 |     5 |     5 |       ||    20
       Deflect Missiles  |       |       |       |       |       |       |     6 |    10 |     7 ||    23
       Statue Form       |       |       |       |       |       |       |    37 |    85 |    95 ||   217
       Iron Shot         |       |       |       |       |       |       |       |    40 |   160 ||   200
       Regeneration      |       |       |       |       |       |       |       |       |   100 ||   100
Invok: Curse Item        |       |       |       |     1 |     2 |       |       |       |     3 ||     6
       Scrying           |       |       |       |       |     4 |     2 |     5 |     1 |     4 ||    16
 Abil: Evoke Flight      |       |       |       |       |     3 |       |       |       |       ||     3
Evoke: Wand              |       |       |       |     1 |       |       |       |       |    19 ||    20
       Lightning rod     |       |       |       |       |       |       |     2 |       |       ||     2
  Use: Scroll            |       |       |     7 |    18 |    18 |    10 |    13 |    10 |     9 ||    85
       Potion            |       |       |       |       |     1 |     2 |     2 |     7 |    10 ||    22
 Stab: Sleeping          |       |       |     1 |     3 |     1 |       |    11 |    39 |     9 ||    64
       Distracted        |       |       |     1 |     1 |    12 |    13 |    30 |    38 |     7 ||   102
       Confused          |       |       |       |       |     1 |       |       |       |       ||     1
       Petrifying        |       |       |       |       |       |       |     3 |       |       ||     3
       Petrified         |       |       |       |       |       |       |     3 |       |       ||     3
       Paralysed         |       |       |       |       |       |       |       |       |     2 ||     2
  Eat: Chunk             |     1 |     5 |    15 |    18 |    59 |     6 |    24 |    39 |    17 ||   184
       Ration            |     1 |     1 |       |     7 |    10 |    18 |    10 |     5 |    21 ||    73
Armor: Robe              |     2 |    17 |    62 |    91 |    86 |       |       |       |       ||   258
       Ring mail         |       |       |       |       |   149 |   595 |    54 |       |       ||   798
       Quicksilver drago |       |       |       |       |       |       |   163 |    76 |   118 ||   357
       Skin              |       |       |       |       |       |       |   440 |   710 |   933 ||  2083
Dodge: Dodged            |     6 |    59 |   223 |   461 |   739 |  1601 |  1544 |  2471 |  3274 || 10378
       Deflected         |       |       |       |       |       |       |    83 |   118 |   117 ||   318
Block: Buckler           |       |       |       |       |    44 |       |   640 |  1347 |  1782 ||  3813
       Shield            |       |       |       |       |       |       |       |       |   466 ||   466
       Reflection        |       |       |       |       |       |       |       |       |   117 ||   117
       Rpst.: Short sword |       |       |       |       |    67 |   162 |    52 |       |       ||   281
       Longbow           |       |       |       |       |    21 |   119 |    17 |       |       ||   157
       Staff             |       |       |       |       |       |     3 |       |       |       ||     3
       Spear             |       |       |       |       |       |       |     8 |    52 |       ||    60
       War axe           |       |       |       |       |       |       |       |    16 |    72 ||    88
